 Dungeon Crawl Stone Soup version 0.31-a0-655-gf2d5465dac (webtiles) character file.

Game seed: 14253448311878998584

32807 Essalna the Fighter (level 13, -18/91 HPs)
             Began as a Gargoyle Fire Elementalist on Aug 30, 2023.
             Was an Elder of Vehumet.
             Demolished by a reaper
             ... wielding a +2 scythe of freezing
              (30 damage)
             ... in an ice cave.
             The game lasted 00:48:51 (17102 turns).

Essalna the Fighter (Gargoyle Fire Elementalist)   Turns: 17102, Time: 00:48:52

Health: -18/91     AC: 20    Str: 12    XL:     13   Next: 66%
Magic:  17/28      EV: 12    Int: 21    God:    Vehumet [****..]
Gold:   948        SH:  4    Dex: 10    Spells: 13/20 levels left

rFire   + . .        h - staff of fire
rCold   . . .        l - +0 buckler
rNeg    + . .        Q - +0 troll leather armour
rPois   ∞            p - +0 hat
rElec   +            K - +2 cloak
rCorr   +            o - +1 pair of gloves
SInv    .            D - +0 pair of boots
Will    .....        a - amulet of magic regeneration
Stlth   ++           G - ring of resist corrosion
HPRegen 1.15/turn    N - ring of magical power
MPRegen 0.61/turn

%: no passive effects
@: about to teleport
A: sickness immunity, AC +9, negative energy resistance 1, electricity
resistance, torment resistance 1, petrification resistance
a: Renounce Religion


You were in an ice cave.
You worshipped Vehumet.
Vehumet was greatly pleased with you.
You visited 3 branches of the dungeon, and saw 15 of its levels.
You also visited: Ossuary, Bailey and Ice Cave.

You collected 948 gold pieces.

Inventory:

Hand Weapons
 O - a +6 spear of venom
 P - the +7 staff of the Meek {protect, meekguard}
   (You found it on level 6 of the Dungeon)
Armour
 l - a +0 buckler (worn)
 o - a +1 pair of gloves (worn)
 p - a +0 hat (worn)
 v - the +0 robe of Keamyev {rCorr Str+3}
   (You found it on level 3 of the Dungeon)

   Str+3:     It affects your strength (+3).
   rCorr:     It protects you from acid and corrosion.
 D - a +0 pair of boots (worn)
 K - a +2 cloak (worn)
 Q - a +0 troll leather armour (worn)
Magical Staves
 h - a staff of fire (weapon)
 u - a staff of conjuration
Jewellery
 a - an amulet of magic regeneration (around neck)
 q - a ring of fire
 y - a ring of positive energy
 G - a ring of resist corrosion (left hand)
 N - a ring of magical power (right hand)
Wands
 w - a wand of acid (5)
 X - a wand of mindburst (7)
 Y - a wand of iceblast (10)
Scrolls
 d - 2 scrolls of brand weapon
 f - a scroll of torment
 k - 3 scrolls of enchant armour
 s - 2 scrolls of enchant weapon
 A - 2 scrolls of fog
 C - 4 scrolls of amnesia
 E - 3 scrolls of teleportation
 F - a scroll of immolation
 I - 3 scrolls of poison
 S - a scroll of butterflies {unknown}
 U - a scroll of blinking {unknown}
 V - 2 scrolls of fear
Potions
 b - 3 potions of magic
 c - 4 potions of enlightenment
 i - 2 potions of attraction
 j - a potion of cancellation {unknown}
 n - 3 potions of brilliance
 r - 2 potions of curing
 x - 2 potions of haste {unknown}
 B - 2 potions of lignification {unknown}
 H - 2 potions of ambrosia {unknown}
 L - 4 potions of resistance {unknown}
 M - a potion of invisibility {unknown}
 T - 3 potions of mutation {unknown}
 W - a potion of experience {unknown}
 Z - a potion of might {unknown}


   Skills:
 + Level 14.5 Fighting
 - Level 6.0 Armour
 - Level 6.0 Dodging
 - Level 2.1 Stealth
 - Level 4.0 Shields
 - Level 4.0 Spellcasting
 - Level 9.0 Conjurations
 + Level 13.9 Fire Magic


You had 13 spell levels left.
You knew the following spells:

 Your Spells              Type           Power      Damage    Failure   Level
a - Foxfire               Conj/Fire      100%       2x1d9     1%          1
b - Scorch                Fire           100%       2d9       1%          2
c - Flame Wave            Conj/Fire      68%        2d15      1%          4

Your spell library contained the following spells:

 Spells                   Type           Power      Damage    Failure   Level
 Lee's Rapid Deconstruct  Erth           2%         3d4*      78%         5
 Magic Dart               Conj           100%       1d8       1%          1
 Inner Flame              Hex/Fire       50%        N/A       1%          3
 Volatile Blastmotes      Fire/Tloc      100%       2d18      1%          3
 Hailstorm                Conj/Ice       23%        3d7       2%          3
 Mephitic Cloud           Conj/Pois/Air  16%        N/A       5%          3
 Starburst                Conj/Fire      34%        6d10      8%          6
 Irradiate                Conj/Tmut      11%        3d15      22%         5
 Call Imp                 Summ           8%         N/A       30%         2
 Ensorcelled Hibernation  Hex/Ice        8%         N/A       30%         2
 Passwall                 Tmut/Erth      3%         N/A       30%         2
 Plasma Beam              Fire/Air       25%        2x1d37    41%         6
 Gell's Gravitas          Tloc           4%         N/A       52%         3
 Swiftness                Air            4%         N/A       52%         3
 Teleport Other           Tloc           4%         N/A       52%         3
 Animate Dead             Necr           4%         N/A       90%         4
 Passage of Golubria      Tloc           4%         N/A       90%         4
 Petrify                  Tmut/Erth      4%         N/A       90%         4
 Summon Ice Beast         Ice/Summ       4%         N/A       90%         4
 Silence                  Hex/Air        2%         N/A       99%         5
 Dispersal                Tloc           2%         N/A       100%        6
 Simulacrum               Ice/Necr       2%         N/A       100%        6
 Haunt                    Necr/Summ      2%         N/A       100%        7
 Infestation              Necr           2%         N/A       100%        8
 Lehudib's Crystal Spear  Conj/Erth      11%        10d4      100%        8
 Sublimation of Blood     Necr           Unusable   N/A       N/A         2

Dungeon Overview and Level Annotations

Branches:
Dungeon (10/15)            Temple (1/1) D:7            Lair (4/5) D:8
  Swamp (0/4) Lair:2       Spider (0/4) Lair:2        Slime (0/5) Lair:4
Ossuary (visited)          Bailey (visited)           IceCv (1/1)
    Orc: D:9-12

Altars:
Ashenzari
Cheibriados
Dithmenos
Elyvilon
Fedhas
Gozag
Kikubaaqudgha
Makhleb
Nemelex Xobeh
Okawaru
Qazlal
Ru
Sif Muna
Trog
Uskayaw
Vehumet
Wu Jian
Yredelemnul
Zin
The Shining One

Shops:
D:3 =   D:6 :

Portals:
Abyss: Lair:1

Annotations:
D:7 1 runed translucent door
D:10 3 runed translucent doors, PirateVox's ghost, journeyman TrMo
Lair:1 2 transporters, Ypoygep's ghost, journeyman NaIE


Innate Abilities, Weirdness & Mutations

You are immune to sickness and miasma.
Your stone body is resilient. (AC +9)
You are immune to poison.
You resist negative energy. (rN+)
You are resistant to electric shocks. (rElec)
You are resistant to unholy torment.
You are immune to petrification.


Message History

You hear a shout!
The reaper hits you with a +2 scythe of freezing!!
The reaper freezes you.
Casting: Flame Wave (mildly dangerous; 1% risk of failure)
Confirm with . or Enter, or press ? or * to list all spells.
You feel a surge of power!
Flames lash the reaper but do no damage.
A death yak simulacrum comes into view.
The reaper hits you with a +2 scythe of freezing.
The reaper freezes you.
Casting: Scorch (safe; 1% risk of failure)
Confirm with . or Enter, or press ? or * to list all spells.
You feel a surge of power!
Flames lash the reaper but do no damage.
The reaper hits you with a +2 scythe of freezing.
The reaper freezes you.
An ufetubus comes into view.
Casting: Scorch (safe; 1% risk of failure)
Confirm with . or Enter, or press ? or * to list all spells.
You feel a surge of power!
Flames lash the reaper but do no damage.
The reaper hits you with a +2 scythe of freezing!!
* * * LOW HITPOINT WARNING * * *
The reaper freezes you!
* * * LOW HITPOINT WARNING * * *
Press: ? - help, v - describe, . - travel
Here: a reaper, wielding a +2 scythe of freezing, wearing a +1 robe of cold resistance and wearing a ring of ice (severely wounded)
The floor.
Unknown command.
Unknown command.
You feel better. The reaper hits you but does no damage.
As you read the scroll of teleportation, it crumbles to dust.
You feel strangely unstable.
The reaper hits you with a +2 scythe of freezing!
* * * LOW HITPOINT WARNING * * *
The reaper freezes you.
* * * LOW HITPOINT WARNING * * *
You feel better.
The reaper hits you with a +2 scythe of freezing!!
You die...

###........##
##....###....##
###...###.###...#
##..####....##...#
#...##.....##..######
#..###[...........#.##
##...##)..##.........#
##...############....
##.@.### ###.. ###2..#
### ##5Z.....# #
#..........
§§○§.....##.
§☼§.§####.☼# .§○.§§.#
..☼☼ ...§○§## °§#
.§§☼§# ##


You could see a reaper, a death yak simulacrum and an ufetubus.

Vanquished Creatures
  Erolcha (D:9)
  2 hydras (Lair:3)
  A ghost crab (Lair:2)
  2 two-headed ogres
  2 skysharks
  Pikel (D:7)
  An ugly thing (IceCv)
  2 oklob plants (Lair:3)
  2 ice statues (IceCv)
  6 elephants (Lair:2)
  4 black mambas
  4 rime drakes
  Jeremiah (D:7)
  8 cane toads
  Maggie (D:9)
  4 komodo dragons
  6 ice devils (IceCv)
  A troll (D:9)
  A hornet (D:10)
  2 polar bears
  12 blink frogs
  A spectral dream sheep (Lair:2)
  3 spriggans (Bailey)
  A wraith (D:9)
  8 wyverns
  2 dire elephant simulacra (IceCv)
  A spectral komodo dragon (Lair:2)
  19 yaks
  2 basilisks
  2 steam dragons
  A death yak simulacrum (IceCv)
  3 acid dragons
  11 water moccasins
  A sky beast (D:8)
  4 orc warriors
  5 black bears
  An ice beast (D:5)
  8 ogres (Bailey)
  7 centaurs
  4 lemures
  15 wolves
  A kobold brigand (D:10)
  9 bullfrogs
  3 gnoll sergeants
  A two-headed ogre simulacrum (IceCv)
  2 cane toad simulacra (IceCv)
  A human zombie (Ossuary)
  7 hounds
  Crazy Yiuf (D:5)
  4 orc priests
  2 jellies
  5 iguanas
  2 sleepcaps
  Ijyb (D:5)
  Natasha (thrice) (D:2)
  6 orc wizards
  A spriggan simulacrum (IceCv)
  A troll simulacrum (IceCv)
  A wolf simulacrum (IceCv)
  3 mummies (Ossuary)
  15 gnolls
  12 adders
  A shadow imp (D:6)
  7 white imps
  2 ufetubi (IceCv)
  5 adder zombies (Ossuary)
  3 worms
  22 orcs
  7 endoplasms
  4 giant cockroaches
  7 goblins
  11 hobgoblins
  5 jackals
  4 quokkas
  10 ball pythons
  7 bats
  3 frilled lizards
  4 goblin zombies (Ossuary)
  2 hobgoblin zombies (Ossuary)
  12 kobolds
  2 kobold zombies (Ossuary)
  2 quokka zombies (Ossuary)
  8 rats
  2 rat zombies (Ossuary)
374 creatures vanquished.

Vanquished Creatures (collateral kills)
  12 foxfires
12 creatures vanquished.

Vanquished Creatures (others)
  A vampire (D:10)
  An orc wizard (D:10)
  1493 foxfires
1495 creatures vanquished.

Grand Total: 1881 creatures vanquished

Notes
Turn   | Place    | Note
-------+----------+-------------------------------------------
     0 | D:1      | Essalna the Gargoyle Fire Elementalist began the quest for
                  | the Orb.
     0 | D:1      | Reached XP level 1. HP: 10/10 MP: 3/3
   203 | D:1      | Reached XP level 2. HP: 8/16 MP: 0/5
   346 | D:1      | Reached skill level 1 in Fighting
   594 | D:2      | Reached XP level 3. HP: 20/20 MP: 3/6
   782 | D:2      | Learned a level 2 spell: Scorch
   879 | D:2      | Reached XP level 4. HP: 26/26 MP: 3/7
  1046 | D:2      | Found a burning altar of Makhleb.
  1135 | D:2      | Found a faded altar of an unknown god.
  1198 | D:2      | Noticed Natasha
  1203 | D:2      | Killed Natasha
  1204 | D:2      | Reached skill level 2 in Fighting
  1306 | D:2      | Noticed Natasha
  1311 | D:2      | Killed Natasha
  1312 | D:2      | Reached XP level 5. HP: 30/30 MP: 4/9
  1426 | D:2      | Noticed Natasha
  1430 | D:2      | Killed Natasha
  1567 | D:3      | Found Urrass's Jewellery Boutique.
  1891 | D:3      | Found an opulent altar of Gozag.
  2216 | D:3      | Identified the +0 robe of Keamyev {rCorr Str+3}
  2228 | D:3      | Reached XP level 6. HP: 36/36 MP: 4/10
  2626 | D:3      | Learned a level 4 spell: Flame Wave
  2769 | D:4      | Reached skill level 3 in Fighting
  4004 | D:5      | Entered Level 5 of the Dungeon
  4046 | D:5      | Reached XP level 7. HP: 41/41 MP: 7/12
  4168 | D:5      | Found a snail-covered altar of Cheibriados.
  4499 | D:5      | Reached skill level 4 in Fighting
  4561 | D:5      | Reached skill level 5 in Fire Magic
  4650 | D:5      | Found a shadowy altar of Dithmenos.
  4816 | D:5      | Noticed Ijyb
  4821 | D:5      | Killed Ijyb
  5078 | D:5      | Found a runed translucent door.
  5079 | D:5      | Noticed Crazy Yiuf
  5085 | D:5      | Killed Crazy Yiuf
  5352 | D:6      | Found a sand-covered staircase.
  5357 | Ossuary  | Entered an ossuary
  5374 | Ossuary  | Reached XP level 8. HP: 28/48 MP: 1/14
  5704 | Ossuary  | Reached skill level 5 in Conjurations
  6195 | D:6      | Reached skill level 5 in Fighting
  6873 | D:6      | Found Haxkaash's Book Emporium.
  7068 | D:6      | Reached skill level 6 in Fighting
  7422 | D:6      | Reached XP level 9. HP: 56/56 MP: 8/15
  7698 | D:6      | Found the +7 staff of the Meek {protect, meekguard}
  7760 | D:7      | Noticed a skeletal warrior
  7760 | D:7      | Noticed a skeletal warrior
  7760 | D:7      | Noticed a skeletal warrior
  7760 | D:7      | Noticed a skeletal warrior
  7760 | D:7      | Noticed a skeletal warrior
  7889 | D:7      | Noticed Pikel
  8074 | D:7      | Killed Pikel
  8075 | D:7      | Reached skill level 7 in Fighting
  8352 | D:7      | Found a staircase to the Ecumenical Temple.
  8435 | D:7      | Found a bloodstained altar of Trog.
  8473 | D:7      | Found a runed translucent door.
  8687 | Temple   | Entered the Ecumenical Temple
  8698 | Temple   | Became a worshipper of Vehumet
  8723 | D:7      | Noticed Jeremiah
  8771 | D:7      | Killed Jeremiah
  8977 | D:8      | Reached skill level 8 in Fighting
  9114 | D:8      | Reached XP level 10. HP: 61/65 MP: 1/16
  9430 | D:8      | Found a staircase to the Lair.
  9549 | D:8      | Identified the +4 ring mail "Kuguogum" {MP-9 Int+3 Slay+5
                  | SInv}
  9553 | D:8      | Noticed a two-headed ogre
  9560 | D:8      | Killed a two-headed ogre
  9561 | D:8      | Reached skill level 9 in Fighting
  9731 | D:8      | Found a basalt altar of Yredelemnul.
  9733 | D:8      | Found a hide-covered altar of Uskayaw.
  9736 | D:8      | Found a broken altar of Ashenzari.
  9739 | D:8      | Found an ornate altar of the Wu Jian Council.
 10030 | D:9      | Noticed Maggie
 10045 | D:9      | Killed Maggie
 10046 | D:9      | Reached skill level 10 in Fighting
 10217 | D:9      | Reached skill level 10 in Fire Magic
 10239 | D:9      | Found a flagged portal.
 10249 | Bailey   | Entered a bailey
 10333 | Bailey   | Reached skill level 1 in Armour
 10333 | Bailey   | Reached XP level 11. HP: 62/72 MP: 7/17
 10584 | Bailey   | Identified the +2 steam dragon scales of Sutox {Str+2}
 10602 | Bailey   | Noticed a two-headed ogre
 10626 | Bailey   | Killed a two-headed ogre
 11011 | D:8      | Reached * piety under Vehumet
 11011 | D:8      | Offered knowledge of Kiss of Death by Vehumet.
 11443 | D:8      | Found a sacrificial altar of Ru.
 11450 | D:8      | Found a sparkling altar of Nemelex Xobeh.
 12001 | D:9      | Reached skill level 11 in Fighting
 12143 | D:9      | Noticed Erolcha
 12157 | D:9      | Killed Erolcha
 12406 | D:10     | Entered Level 10 of the Dungeon
 12414 | D:10     | Found an ancient bone altar of Kikubaaqudgha.
 12662 | D:10     | Found a runed translucent gate.
 12662 | D:10     | Found a runed translucent gate.
 12663 | D:10     | Found a runed translucent gate.
 12743 | D:10     | Found a glowing silver altar of Zin.
 12743 | D:10     | Noticed an angel
 12791 | D:10     | Identified the +4 chain mail of Piytwye {rElec}
 12899 | D:10     | Found a shimmering blue altar of Sif Muna.
 12951 | D:10     | Found a blossoming altar of Fedhas.
 13174 | D:10     | Noticed PirateVox's ghost (journeyman TrMo)
 13175 | D:10     | Noticed a ten-headed hydra
 13176 | D:10     | Noticed a 12-headed hydra
 13367 | Lair:1   | Entered Level 1 of the Lair of Beasts
 13466 | Lair:1   | Reached skill level 5 in Armour
 13479 | Lair:1   | Found a one-way gate to the infinite horrors of the Abyss.
 13479 | Lair:1   | Noticed Ypoygep's ghost (journeyman NaIE)
 13482 | Lair:1   | Found a transporter.
 13482 | Lair:1   | Noticed a worldbinder
 13483 | Lair:1   | Noticed a brown ugly thing
 13484 | Lair:1   | Noticed a green ugly thing
 13484 | Lair:1   | Noticed a white ugly thing
 13493 | Lair:1   | Found a transporter.
 13545 | Lair:1   | Noticed a cacodemon
 13665 | Lair:1   | Reached XP level 12. HP: 80/80 MP: 13/18
 13720 | Lair:1   | Reached skill level 1 in Shields
 14288 | Lair:2   | Reached skill level 5 in Dodging
 14288 | Lair:2   | Reached ** piety under Vehumet
 14288 | Lair:2   | Offered knowledge of Searing Ray by Vehumet.
 14298 | Lair:2   | Reached skill level 12 in Fighting
 14660 | Lair:2   | Noticed a ghost crab
 14672 | Lair:2   | Killed a ghost crab
 14705 | Lair:2   | Found a staircase to the Swamp.
 14738 | Lair:2   | Found a hole to the Spider Nest.
 15058 | Lair:2   | Offered knowledge of Poisonous Vapours by Vehumet.
 15368 | Lair:3   | Noticed an eight-headed hydra
 15373 | Lair:3   | Killed an eight-headed hydra
 15416 | Lair:3   | Reached skill level 13 in Fighting
 15416 | Lair:3   | Reached XP level 13. HP: 64/88 MP: 14/19
 15848 | Lair:3   | Reached *** piety under Vehumet
 16479 | Lair:4   | Offered knowledge of Ignite Poison by Vehumet.
 16622 | Lair:4   | Reached skill level 14 in Fighting
 16683 | Lair:4   | Found a frozen archway.
 16688 | IceCv    | Entered an ice cave
 17061 | IceCv    | Reached **** piety under Vehumet
 17085 | IceCv    | Noticed a reaper
 17094 | IceCv    | Offered knowledge of Lee's Rapid Deconstruction by Vehumet.
 17101 | IceCv    | HP: 2/91 [reaper/+2 scythe of freezing (6)]
 17102 | IceCv    | Demolished by a reaper

Illustrated notes

Levels and vault maps discovered:
D:1:      wander_arrival_lonely_grave, layout_basic
D:2:      layout_rooms, hellmonk_ecumenical_altar_heavens_door, basic_altar,
          uniq_natasha
D:3:      layout_basic, mainiacjoe_overflow_catwalk, serial_shops,
          shop_fountains, serial_rivers, chequers_serial_rivers_small_b,
          chequers_serial_rivers_large_b, chequers_serial_rivers_micro_d,
          chequers_serial_rivers_micro_a, minmay_pentomino_pile
D:4:      layout_loops_corners
D:5:      layout_gridville, amcnicky_altar_gilded, slow_altar_1, uniq_ijyb,
          uniq_crazy_yiuf_cottage
D:6:      layout_loops_cross, serial_glass, glass_columns_b, glass_columns_a,
          glass_columns_b, glass_columns_b,
          lightli_ossuary_entry_decrepit_ruins, serial_shops,
          nicolae_shop_behind_doors, pf_guarded_unrand_meek
D:7:      layout_layer_cave, regret_index_temple_of_mockery,
          lemuel_coloured_pillars_altar, minmay_temple_entry_slanted,
          ebering_ghost_reflecting_pool, serial_shops, shop,
          uniq_prince_ribbit1, uniq_menkaure, uniq_pikel, uniq_jeremiah
D:8:      layout_gridville, nicolae_overflow_macrodata_refinement,
          nemelex_diamond_rough_becter, lemuel_crystal_altar,
          minmay_lair_entry_grove, sigmund_army
D:9:      layout_loops_cross, enter_bailey_6, uniq_erolcha, uniq_maggie
D:10:     layout_cave_pods, mainiacjoe_overflow_concentric_impassable,
          kiku_gazebo_pond_becter, zin_angel, lemuel_blue_sif_altar,
          gammafunk_ghost_hydra_chop
Temple:   hellmonk_temple_two_chambers
Lair:1:   layout_roguey, gammafunk_ghost_abyssal_escape, grunt_megastairs_1
Lair:2:   layout_hall_layers, nicolae_swamp_entry_spooky, dummy_spider_entry
Lair:3:   layout_small_grid, dpeg_oklob_1, infiniplex_staircase_pool_2
Lair:4:   layout_hall_layers, minmay_slime_entry_pillars,
          portal_ice_cave_entry_pillars_2, hibernation_bobbens
IceCv:    ice_cave_small_demon

Skill      XL: |  1  2  3  4  5  6  7  8  9 10 11 12 13 |
---------------+----------------------------------------+-----
Fighting       | 1 2 3 4 6 8 10 11 13 14 | 14.5
Conjurations   | 2 3 4 6 8 9 |  9.0
Spellcasting   | 3 4 |  4.0
Fire Magic     | 4 5 6 8 10 11 12 13 | 13.9
Armour         | 1 5 6 |  6.0
Dodging        | 2 4 6 |  6.0
Shields        | 4 |  4.0
Stealth        | |  2.1

Action                     |  1- 3 |  4- 6 |  7- 9 | 10-12 | 13-15 || total
---------------------------+-------+-------+-------+-------+-------++-------
  Melee: Dagger            |    52 |       |       |       |       ||    52
         Unarmed           |     2 |       |       |       |       ||     2
         Staff             |     9 |    54 |    39 |    15 |    15 ||   132
         Punch             |       |       |     1 |       |       ||     1
         Quarterstaff      |       |       |       |    26 |       ||    26
   Cast: Foxfire           |    38 |   120 |   256 |   297 |   158 ||   869
         Scorch            |       |    16 |    53 |   123 |    59 ||   251
         Flame Wave        |       |       |     3 |    26 |    21 ||    50
  Evoke: Wand              |       |       |     3 |     5 |     2 ||    10
    Use: Scroll            |     1 |       |     7 |     9 |     3 ||    20
         Potion            |       |       |       |     1 |     2 ||     3
   Stab: Sleeping          |     2 |     2 |       |       |       ||     4
 Armour: Robe              |    27 |    23 |    40 |    30 |       ||   120
         Troll leather arm |       |       |       |   114 |    62 ||   176
  Dodge: Dodged            |    37 |    52 |    46 |   150 |    61 ||   346
  Block: Buckler           |       |       |       |    22 |    18 ||    40

Table legend: (Time is in decaauts)
 A = Elapsed time spent in this place.
 B = Non-inter-level travel time spent in this place.
 C = Inter-level travel time spent in this place.
 D = Time resting spent in this place.
 E = Time spent auto-exploring this place.
 F = Levels seen in this place.
 G = Mean time per level.
                   A        B        C        D        E       F      G
               +--------+--------+--------+--------+--------+-----+--------+
         Total |  17200 |  16312 |    888 |    536 |  12693 |  18 |  955.6 |
       Dungeon |  12057 |  11347 |    710 |    366 |   9094 |  10 | 1205.7 |
        Temple |     38 |     30 |      8 |     15 |      0 |   1 |   38.0 |
          Lair |   3330 |   3160 |    170 |     46 |   2379 |   4 |  832.5 |
       Ossuary |    714 |    714 |      0 |      0 |    605 |   1 |  714.0 |
        Bailey |    646 |    646 |      0 |      0 |    458 |   1 |  646.0 |
      Ice Cave |    413 |    413 |      0 |    109 |    156 |   1 |  413.0 |
               +--------+--------+--------+--------+--------+-----+--------+

Top non-repeatable levels by time:
     D:6: 1949 daAuts
     D:8: 1787 daAuts
     D:5: 1388 daAuts
     D:4: 1347 daAuts
     D:3: 1215 daAuts
  Lair:2: 1128 daAuts
     D:9: 1093 daAuts
  Lair:3: 1051 daAuts
  Lair:1: 924 daAuts
     D:7: 905 daAuts
     D:2: 895 daAuts
    D:10: 883 daAuts
 Ossuary: 714 daAuts
  Bailey: 646 daAuts
     D:1: 590 daAuts
